 Dungeon Crawl Stone Soup version 0.30-a0-365-ge7f957f1db (webtiles) character file.

Game seed: 3316264891231074267

53 mopl the Sneak (level 3, -6/37 HPs)
             Began as an Octopode Brigand on Nov 16, 2022.
             Was an Initiate of Dithmenos.
             Killed by an exploding hobgoblin zombie (30 damage)
             ... ignited by their inner flame
             ... in an ossuary.
             The game lasted 00:04:10 (2167 turns).

mopl the Sneak (Octopode Brigand)                   Turns: 2167, Time: 00:04:11

Health: -6/37      AC: 21    Str: 10    XL:     3   Next: 89%
Magic:  4/4        EV:  2    Int: 15    God:    Dithmenos [......]
Gold:   188        SH:  0    Dex: 13    Spells: 3/3 levels left

rFire   . . .      SeeInvis +    a - +3 dagger (drain)
rCold   . . .      Faith    .    (no shield)
rNeg    . . .      Spirit   .    (helmet currently unavailable)
rPois   +          Reflect  .    (no amulet)
rElec   .          Harm     .    o - ring of see invisible
rCorr   .          Rampage  .    (no ring)
Will    .....      NoTele   +    (no ring)
Stlth   +++.......               (no ring)
HPRegen 0.26/turn                (no ring)
MPRegen 0.09/turn                (no ring)
                                 (no ring)
                                 (no ring)

@: tree-form
A: stationary, stasis, torment immunity, boosted hp, almost no armour,
(amphibious), 8 rings, (camouflage 1), (gelatinous body 1), (nimble swimmer 1),
(tentacles)
a: Renounce Religion


You were in an ossuary.
You worshipped Dithmenos.
Dithmenos was noncommittal.
You were a tree.
You visited 2 branches of the dungeon, and saw 5 of its levels.
You also visited: Ossuary.

You collected 188 gold pieces.

Inventory:

Hand Weapons
 a - a +3 dagger of draining (weapon)
Missiles
 b - 13 poisoned darts (quivered)
 c - 3 curare-tipped darts
 d - 3 javelins
 k - 3 atropa-tipped darts
Jewellery
 o - a ring of see invisible (left branch)
Scrolls
 h - a scroll of noise
 m - a scroll of poison
Potions
 e - a potion of lignification {!q}
 g - a potion of haste {unknown}
 j - 2 potions of flight {unknown}
 n - a potion of magic {unknown}
 q - a potion of invisibility {unknown}


   Skills:
 + Level 2.5 Fighting
 - Level 2.0(2.1) Short Blades
 + Level 1.1(1.7) Long Blades
 + Level 2.4 Throwing
 + Level 1.8 Dodging
 + Level 5.7 Stealth
 + Level 0.6 Spellcasting


You had 3 spell levels left.
You didn't know any spells.
Your spell library contained the following spells:

 Spells                   Type           Power      Damage    Failure   Level
 Beastly Appendage        Tmut           0%         N/A       26%         1
 Wereblood                Tmut           0%         N/A       36%         2
 Portal Projectile        Hex/Tloc       0%         N/A       58%         3
 Spider Form              Tmut/Pois      0%         N/A       58%         3
 Tukima's Dance           Hex            0%         N/A       58%         3
 Blade Hands              Tmut           0%         N/A       100%        5


Dungeon Overview and Level Annotations

Branches:
Dungeon (4/15)             Temple (1/1) D:4         Ossuary (1/1)

Altars:
Ashenzari
Cheibriados
Dithmenos
Fedhas
Gozag
Hepliaklqana
Kikubaaqudgha
Nemelex Xobeh
Qazlal
Ru
Trog
Vehumet
Wu Jian
Xom
Zin
The Shining One

Shops:
D:3 :

Annotations:
D:3 vineage's ghost, amateur GrFi


Innate Abilities, Weirdness & Mutations

You are a tree.
Your roots penetrate the ground, keeping you stationary.
You cannot be teleported.
You are immune to unholy pain and torment.
Your maximum health is greatly increased.
You cannot wear most types of armour.
((You are amphibious.))
You can wear up to eight rings at the same time.
((Your skin changes colour to match your surroundings (Stealth+).))
((Your rubbery body absorbs attacks. (AC +1, EV +1)))
((You are camouflaged when in or above water. (Stealth+)))
((You have tentacles for arms and can constrict up to eight enemies at once.))


Message History

Unknown command.
You barely miss the adder zombie.
The adder zombie bites you but does no damage. x2
The hound zombie bites you but does no damage. x2
The kobold zombie hits you but does no damage.
The hobgoblin zombie hits you but does no damage.
The elf zombie hits you.
The hobgoblin zombie hits you but does no damage.
You hit the hobgoblin zombie but do no damage.
The adder zombie barely misses you. The adder zombie bites you.
The hound zombie bites you but does no damage. x2
The elf zombie hits you but does no damage.
Unknown command.
You hit the hobgoblin zombie.
Flame seeps out of the hobgoblin zombie.
The hobgoblin zombie is heavily damaged.
The hound zombie bites you but does no damage. x2
The adder zombie bites you but does no damage. x2
The kobold zombie hits you but does no damage.
The hobgoblin zombie hits you.
The hobgoblin zombie hits you but does no damage.
You hit the hobgoblin zombie.
Flame seeps out of the hobgoblin zombie.
The hobgoblin zombie is severely damaged.
The hound zombie bites you but does no damage. x2
The adder zombie bites you but does no damage. x2
The elf zombie hits you but does no damage.
The kobold zombie hits you but does no damage.
The hobgoblin zombie hits you but does no damage. x2
The hound zombie bites you but does no damage. x2
You hit the hobgoblin zombie. Dithmenos accepts your kill.
The hobgoblin zombie explodes!
The fiery explosion engulfs the adder zombie!!!
Dithmenos accepts your kill.
The fiery explosion engulfs the hobgoblin zombie!!
Dithmenos accepts your kill. The fiery explosion engulfs you!!
Ouch! That really hurt!
You die...

*,,,,,,,,,,,,,,,,,,,,,,,,,,,,,*
*,,,,,,,.○§§°§☼☼☼§☼§☼.○,,,,,,,*
*,,,,,**§§§..§☼○§○§§☼°.**,,,,,*
*,,,,,**§○☼§.○○.§○.°.°§**,,,,,*
*,,,,,,,°○○.§§°§☼○○☼○°°,,,,,,,*
*,,,,,,,.○§.M○☼°☼§°M.§§,,,,,,,*
*,,*,,,,°○○.°§°Z.°§§○.§,,,,*,,*
*,,**,,,○○§°○○Z○Z○§°§§.,,,**,,*
*∩,**,,,.§.○§§Z♣§Z§☼○.☼,,,**,∩*
*,,**,,,.☼°○°○Z○ZZ.○§○☼,,,**,,*
*,,*,,,,§§§.○°☼Z§§.§☼§§,,,,*,,*
*,,,,,,,☼.§☼M§°☼§.M§.○§,,,,,,,*
*,,,,,**§°§°.○§§§.§○☼.○**,,,,,*
*,,,,,**○°☼....°§○.○°§§**,,,,,*
*,,,,,,,°§☼°○§☼.§§.§°.§,,,,,,,*
*,,,,,,,§☼○°°§°☼°§☼§§☼○,,,,,,,*
*+**,,,,,,,,,*****,,,,,,,,,****


You could see 4 mummies, an adder zombie (inner flame), a rat zombie (inner
flame), 2 hound zombies, 2 hobgoblin zombies, 2 kobold zombies and an elf zombie
(inner flame).

Vanquished Creatures
  An adder (D:3)
  An adder zombie (Ossuary)
  2 worms
  A dart slug (D:2)
  4 bats
  3 endoplasms
  7 goblins
  A hobgoblin (D:2)
  3 jackals (D:2)
  A quokka (D:2)
  4 ball pythons
  3 frilled lizards
  2 hobgoblin zombies (Ossuary)
  A jackal simulacrum (D:3)
  2 kobolds (D:1)
  A rat (D:3)
37 creatures vanquished.

Notes
Turn   | Place    | Note
-------+----------+-------------------------------------------
     0 | D:1      | mopl the Octopode Brigand began the quest for the Orb.
     0 | D:1      | Reached XP level 1. HP: 14/14 MP: 1/1
   688 | D:2      | Reached XP level 2. HP: 19/19 MP: 2/2
  1058 | D:2      | Reached XP level 3. HP: 23/25 MP: 3/3
  1436 | D:3      | Found a runed translucent gate.
  1436 | D:3      | Found a runed translucent gate.
  1436 | D:3      | Found a runed translucent gate.
  1491 | D:3      | Reached skill level 1 in Long Blades
  1525 | D:3      | Found Gyech's Book Shoppe.
  1812 | D:3      | Noticed vineage's ghost (amateur GrFi)
  2058 | D:4      | Found a staircase to the Ecumenical Temple.
  2076 | Temple   | Entered the Ecumenical Temple
  2119 | Temple   | Became a worshipper of Dithmenos the Shadowed
  2143 | D:4      | Found a sand-covered staircase.
  2154 | Ossuary  | Entered an ossuary
  2167 | Ossuary  | Killed by an exploding hobgoblin zombie... ignited by their
                  | inner flame

Illustrated notes

Levels and vault maps discovered:
D:1:      dpeg_arrival_rhombus, layout_basic
D:2:      layout_loops_cross, minmay_misc_feat_secret_circle
D:3:      layout_loops_ring, gammafunk_ghost_icy, serial_shops,
          nicolae_shop_trees
D:4:      layout_cave_pools, mainiacjoe_overflow_paths,
          makhleb_altar_promises_db, minmay_temple_entry_glass, enter_ossuary_1,
          uniq_duvessa, uniq_crazy_yiuf_cottage
Temple:   nicolae_temple_bog_church
Ossuary:  ossuary_minmay_tomb_2a

Skill      XL: |  1  2  3 |
---------------+----------+-----
Long Blades    | 1 |  1.1
Fighting       | |  2.5
Short Blades   | |  2.0
Throwing       | |  2.4
Dodging        | |  1.8
Stealth        | |  5.7
Spellcasting   | |  0.6

Action                   || total
-------------------------++-------
Melee: Dagger            ||    55
       Constrict         ||     8
       Tentacles         ||     4
  Use: Scroll            ||     6
       Potion            ||     1
 Stab: Sleeping          ||    17
Armor: Skin              ||    33
Dodge: Dodged            ||    43

Table legend: (Time is in decaauts)
 A = Elapsed time spent in this place.
 B = Non-inter-level travel time spent in this place.
 C = Inter-level travel time spent in this place.
 D = Time resting spent in this place.
 E = Time spent auto-exploring this place.
 F = Levels seen in this place.
 G = Mean time per level.
                   A        B        C        D        E       F      G
               +--------+--------+--------+--------+--------+-----+--------+
         Total |   2160 |   2072 |     88 |     44 |   1651 |   6 |  360.0 |
       Dungeon |   2084 |   2016 |     68 |     44 |   1651 |   4 |  521.0 |
        Temple |     63 |     43 |     20 |      0 |      0 |   1 |   63.0 |
       Ossuary |     12 |     12 |      0 |      0 |      0 |   1 |   12.0 |
               +--------+--------+--------+--------+--------+-----+--------+

Top non-repeatable levels by time:
     D:1: 731 daAuts
     D:2: 690 daAuts
     D:3: 629 daAuts
  Temple: 63 daAuts
     D:4: 33 daAuts
 Ossuary: 12 daAuts
